 Dungeon Crawl Stone Soup version 0.28.0 (webtiles) character file.

Game seed: 2347755145886281611

342 horus123 the Magician (level 6, -1/32 HPs)
             Began as a Deep Elf Conjurer on Feb 6, 2022.
             Succumbed to an orc warrior's poison
             ... on level 5 of the Dungeon.
             The game lasted 00:07:04 (4488 turns).

horus123 the Magician (Deep Elf Conjurer)           Turns: 4488, Time: 00:07:05

Health: -1/32      AC:  2    Str:  4    XL:     6   Next: 30%
Magic:  16/16      EV: 12    Int: 25    God:
Gold:   219        SH:  0    Dex: 13    Spells: 6/16 levels left

rFire   . . .      SeeInvis +   q - +2 short sword (elec)
rCold   . . .      Faith    +   (no shield)
rNeg    + . .      Spirit   .   a - +0 robe
rPois   .          Reflect  .   (no helmet)
rElec   .          Harm     .   (no cloak)
rCorr   .          Rampage  .   (no gloves)
Will    .....                   (no boots)
Stlth   ++........              d - amulet of faith
HPRegen 0.10/turn               j - ring of see invisible
MPRegen 0.15/turn               f - ring of positive energy

@: lethally poisoned (-1 -> -11)
A: no striking features
a: no special abilities


You were on level 5 of the Dungeon.
You visited 1 branch of the dungeon, and saw 5 of its levels.

You collected 219 gold pieces.

Inventory:

Hand Weapons
 q - a +2 short sword of electrocution (weapon)
Armour
 a - a +0 robe (worn)
Jewellery
 d - an amulet of faith (around neck)
 f - a ring of positive energy (right hand)
 g - a ring of fire
 j - a ring of see invisible (left hand)
Scrolls
 c - a scroll of identify
 i - 6 scrolls of noise
 k - a scroll of torment {unknown}
 m - 2 scrolls of fog {unknown}
 o - a scroll of silence {unknown}
 s - 2 scrolls of teleportation {unknown}
Potions
 b - 4 potions of curing {unknown}
 e - a potion of heal wounds {unknown}
 h - 2 potions of flight {unknown}
 l - a potion of might {unknown}
 n - a potion of attraction {unknown}
 p - 2 potions of brilliance {unknown}
 r - a potion of lignification {unknown}


   Skills:
 - Level 2.4 Dodging
 - Level 2.4 Stealth
 + Level 5.8 Spellcasting
 - Level 5.0 Conjurations
 - Level 5.0 Ice Magic


You had 6 spell levels left.
You knew the following spells:

 Your Spells              Type           Power      Damage    Failure   Level
a - Magic Dart            Conj           100%       1d8       1%          1
b - Searing Ray           Conj           64%        2d6       1%          2
c - Frozen Ramparts       Ice            64%        1d8       3%          3
d - Hailstorm             Conj/Ice       32%        3d8       10%         4

Your spell library contained the following spells:

 Spells                   Type           Power      Damage    Failure   Level
 Freeze                   Ice            100%       1d11      1%          1
 Pain                     Necr           28%        1d5       8%          1
 Dazzling Flash           Conj/Hex       38%        N/A       9%          3
 Fulminant Prism          Conj/Hex       9%         3d7       26%         4
 Iskenderun's Mystic Bla  Conj/Tloc      19%        2d6       26%         4
 Olgreb's Toxic Radiance  Pois           7%         N/A       58%         4
 Agony                    Necr           7%         N/A       91%         5
 Excruciating Wounds      Necr           3%         N/A       91%         5
 Ozocubu's Refrigeration  Ice            16%        4d8       100%        7
 Ignition                 Fire           3%         3d4       100%        8


Dungeon Overview and Level Annotations

Branches:
Dungeon (5/15)
 Temple: D:4-7

Altars:
Dithmenos
Okawaru

Shops:
D:2 (


Message History

The searing ray hits the centaur zombie!
The centaur zombie is heavily damaged. (Press . to maintain the ray.)
The centaur zombie barely misses you. The centaur zombie kicks you.
The searing ray hits the centaur zombie!
The centaur zombie is severely damaged.
The centaur zombie hits you. The centaur zombie closely misses you.
The searing ray hits the centaur zombie!
You destroy the centaur zombie!
HP restored.
Magic restored.
You see here a dart slug corpse.
You open the door.
There is an open door here.
You now have 219 gold pieces (gained 12).
p - 2 sedimented golden potions (gained 1)
There is an open door here.
As you open the door, it creaks loudly!
You hear a shout! x2
An orc comes into view. It is wielding a +0 club.
An orc warrior comes into view. It is wielding a +1 halberd of venom.
There is an open door here.
The magic dart hits the orc.
The orc is moderately wounded.
The orc shouts!
You hear a shout!
The magic dart hits the orc warrior but does no damage.
You hear a shout!
An orc wizard comes into view. It is wielding a +0 dagger.
There is an open door here.
The orc hits you with a +0 club. The orc misses you.
The orc warrior hits you from afar with a +1 halberd of venom!
Ouch! That really hurt!
You are lethally poisoned!
* * * LOW HITPOINT WARNING * * *
You feel very sick. The orc warrior closely misses you.
* * * LOW HITPOINT WARNING * * *
You feel very sick.
* * * LOW HITPOINT WARNING * * *
You feel very sick.
You die...

#..# .. #..#####
..##### +..'...#
...... #####..#
..... #..##..#
#..######..##..#
#..##..##......#
#..............#
#.....†.@.oo...#
#..##..##..##..#
##'##########..#
#.<.#..+....'..#
#...#..#....#..#
##.##...#...#..#
###############


You could see an orc warrior and an orc.

Vanquished Creatures
  A water moccasin skeleton (D:4)
  A centaur zombie (D:5)
  A hound (D:4)
  Crazy Yiuf (D:3)
  Natasha (thrice) (D:3)
  A hound skeleton (D:4)
  3 gnolls (D:4)
  2 adders
  2 worms
  A dart slug (D:5)
  4 orcs
  8 endoplasms
  3 giant cockroaches
  5 goblins
  7 hobgoblins
  4 kobolds
  3 quokkas
  6 ball pythons
  4 bats
  2 frilled lizards (D:1)
  5 rats
67 creatures vanquished.

Vanquished Creatures (others)
  5 toadstools (D:1)
5 creatures vanquished.

Grand Total: 72 creatures vanquished

Notes
Turn   | Place    | Note
-------+----------+-------------------------------------------
     0 | D:1      | horus123 the Deep Elf Conjurer began the quest for the Orb.
     0 | D:1      | Reached XP level 1. HP: 10/10 MP: 6/6
   256 | D:1      | Reached XP level 2. HP: 15/15 MP: 7/9
   261 | D:1      | Learned a level 2 spell: Searing Ray
   443 | D:1      | Found a faded altar of an unknown god.
  1003 | D:2      | Reached skill level 5 in Conjurations
  1006 | D:2      | Reached XP level 3. HP: 19/19 MP: 4/10
  1110 | D:2      | Learned a level 3 spell: Frozen Ramparts
  1362 | D:2      | Reached skill level 1 in Ice Magic
  1637 | D:2      | Found Soafrits's Antique Weapon Emporium.
  2035 | D:3      | Noticed Natasha
  2267 | D:3      | Killed Natasha
  2268 | D:3      | Reached XP level 4. HP: 22/24 MP: 6/12
  2273 | D:3      | Learned a level 4 spell: Hailstorm
  2372 | D:3      | Noticed Natasha
  2376 | D:3      | Killed Natasha
  2400 | D:3      | Noticed Natasha
  2404 | D:3      | Killed Natasha
  2814 | D:3      | Reached XP level 5. HP: 28/28 MP: 11/13
  3071 | D:3      | Found a runed translucent door.
  3072 | D:3      | Noticed Crazy Yiuf
  3078 | D:3      | Killed Crazy Yiuf
  3454 | D:4      | Reached skill level 5 in Ice Magic
  3547 | D:4      | Found a shadowy altar of Dithmenos.
  3782 | D:4      | Found an iron altar of Okawaru.
  4031 | D:4      | Reached skill level 5 in Spellcasting
  4031 | D:4      | Reached XP level 6. HP: 32/32 MP: 8/15
  4365 | D:5      | Entered Level 5 of the Dungeon
  4471 | D:5      | Noticed an orc warrior
  4487 | D:5      | HP: 1/32 [poisoned by an orc warrior]
  4488 | D:5      | Succumbed to an orc warrior's poison

Illustrated notes

Levels and vault maps discovered:
D:1:      ldierk_walled_garden, layout_basic, shapermc_ecumenical_altar_pompeii,
          chequers_serial_rivers_micro_c, kennysheep_another_room,
          minmay_ruptured
D:2:      minmay_spotlight, layout_basic, serial_shops,
          nicolae_shop_window_shopping
D:3:      layout_rooms, uniq_crazy_yiuf_cottage, uniq_natasha
D:4:      layout_basic, nicolae_dithmenos_the_darkroom, lemuel_round_altar,
          eino_tiny_chamber
D:5:      layout_gridville, jmf_multi_god_temple2, hangedman_minor_gate_pass

Skill      XL: |  1  2  3  4  5 |
---------------+----------------+-----
Spellcasting   | 4 5 |  5.8
Conjurations   | 5 |  5.0
Ice Magic      | 2 3 5 |  5.0
Dodging        | |  2.4
Stealth        | |  2.4

Action                   |  1- 3 |  4- 6 || total
-------------------------+-------+-------++-------
Melee: Short sword       |       |     4 ||     4
 Cast: Magic Dart        |    77 |    54 ||   131
       Searing Ray       |     2 |    10 ||    12
       Frozen Ramparts   |       |     2 ||     2
  Use: Scroll            |     1 |       ||     1
Armor: Robe              |     2 |     4 ||     6
Dodge: Dodged            |     1 |    10 ||    11
